 Dungeon Sprint DCSS version 0.21-a0-49-g7bf2ba4 (webtiles) character file.

49 Kidiri the Cudgeler (level 3, -14/39 HPs)
             Began as a Troll Monk on June 10, 2017.
             Demolished by a water elemental (19 damage)
             ... in the Dungeon (Sprint III: "The Ten Rune Challenge").
             The game lasted 00:01:43 (274 turns).

Kidiri the Cudgeler (Troll Monk)                     Turns: 274, Time: 00:01:43

Health: -14/39     AC:  5    Str: 19    XL:     3   Next: 53%
Magic:  2/2        EV: 11    Int:  6    God:
Gold:   30         SH:  0    Dex: 13    Spells: 2/2 levels left

rFire    . . .     SeeInvis .   a - +0 mace
rCold    . . .     Gourm    +   (no shield)
rNeg     . . .     Faith    .   b - +0 robe
rPois    .         Spirit   .   (helmet restricted)
rElec    .         Reflect  .   (no cloak)
rCorr    .         Harm     .   (gloves unavailable)
MR       +....     NoTele   +   (boots unavailable)
Stlth    ++........             (no amulet)
Regen    0.6/turn               (no ring)
MPRegen  0.1/turn               (no ring)

@: no status effects
A: unfitting armour, claws 3, fast metabolism 3, gourmand, magic resistance 1,
regeneration 1, shaggy fur 1, tough skin 2, evolution 1
a: no special abilities


You were in the Dungeon.
You were very full.

You visited 1 branch You collected 30 gold pieces.

Inventory:

Hand Weapons
 a - a +0 mace (weapon)
Armour
 b - a +0 robe (worn)
Scrolls
 i - 2 scrolls of blinking
 k - a scroll of torment {unknown}
 l - a scroll of remove curse
 o - a scroll of immolation {unknown}
 p - a scroll of enchant weapon {unknown}
Potions
 d - a potion of curing
 e - a potion of heal wounds
 f - a potion of haste
 g - 2 potions of magic
 h - a potion of berserk rage
 n - 2 potions of flight {unknown}
Comestibles
 c - 2 bread rations
 m - 4 fruits
 q - a royal jelly


   Skills:
 * Level 3.7 Fighting
 * Level 4.1 Maces & Flails
 + Level 1.5 Armour
 * Level 3.8 Dodging
 + Level 1.8 Stealth


You had 2 spell levels left.
You didn't know any spells.

Dungeon Overview and Level Annotations

Branches:
Dungeon (1/1)

Altars:


Innate Abilities, Weirdness & Mutations

You are too large for most types of armour.
You have claws for hands.
Your metabolism is lightning-fast.
You like to eat raw meat.
Your natural rate of healing is unusually fast.
You are covered in fur. (AC +1)
You have very tough skin. (AC +2)
You are resistant to hostile enchantments. (MR+)
You evolve.


Message History

With effort, you pull free of the water engulfing you.
You gasp with relief as air once again reaches your lungs.
You feel much better. The water elemental hits you.
The water elemental engulfs you in water!
With effort, you pull free of the water engulfing you.
You gasp with relief as air once again reaches your lungs.
The water elemental hits you! The water elemental misses you.
There is an open door to the Ecumenical Temple, spattered with blood here.
You hit the water elemental.
The water elemental is lightly damaged.
The water elemental hits you.
The water elemental engulfs you in water!
With effort, you pull free of the water engulfing you.
You gasp with relief as air once again reaches your lungs.
You hit the water elemental but do no damage.
The water elemental is lightly damaged.
The water elemental hits you!
* * * LOW HITPOINT WARNING * * *
The water elemental hits you!!
You die...

▓▓▓▓▓▓▓▓▓▓▓▓ ▓▓▓
<.#..+...♣.♣ ♣.#
..#..#.....♣ ♣.#
#'####....♣♣ ♣♣.#
.....#....≈♣♣♣♣..###+#+###
.....#...≈≈♣..♣..#........
....)#..≈≈≈≈.♣♣♣.E.⌠......
####'#..≈≈≈≈≈≈..@#...#####
.....#.≈≈≈≈≈≈....#.⌠.#
.....#.≈≈≈≈≈.....#...#
.....#.≈≈≈.......#+###
'#####...........#
............÷....#
▓▓▓▓▓▓▓▓▓▓▓▓▓▓▓▓▓▓


You could see a water elemental.

Vanquished Creatures
  Jessica (D)
  A human (D)
  A phantom (D)
  3 rats (D)
6 creatures vanquished.

Vanquished Creatures (others)
  2 draconian scorchers (D)
  6 hellions (D)
  2 yaktaurs (D)
  2 plants (D)
12 creatures vanquished.

Grand Total: 18 creatures vanquished

Notes
Turn   | Place    | Note
-------+----------+-------------------------------------------
     0 | D        | Kidiri the Troll Monk began the quest for the Orb.
     0 | D        | Reached XP level 1. HP: 22/22 MP: 0/0
    20 | D        | Noticed Jessica
    28 | D        | Killed Jessica
    28 | D        | Reached skill level 3 in Maces & Flails
    28 | D        | Reached skill level 1 in Armour
    28 | D        | Reached XP level 2. HP: 31/31 MP: 1/1
    55 | D        | Killed a hellion
    93 | D        | Killed a hellion
    93 | D        | Killed a hellion
    94 | D        | Killed a hellion
    94 | D        | Killed a hellion
   105 | D        | Reached skill level 4 in Maces & Flails
   105 | D        | Reached XP level 3. HP: 12/39 MP: 2/2
   176 | D        | Killed a white draconian scorcher
   181 | D        | Killed a yaktaur
   185 | D        | Killed a hellion
   200 | D        | Gained mutation: You have a pair of small antennae on your head. [potion of mutation]
   200 | D        | Gained mutation: You can translocate small distances at will. [potion of mutation]
   201 | D        | Lost mutation: You have a pair of small antennae on your head. [potion of mutation]
   201 | D        | Lost mutation: You can translocate small distances at will. [potion of mutation]
   201 | D        | Gained mutation: Scrolls take you a little longer to read. [potion of mutation]
   201 | D        | Gained mutation: You have a beak for a mouth. [potion of mutation]
   201 | D        | Killed a yaktaur
   202 | D        | Lost mutation: You have a beak for a mouth. [potion of mutation]
   202 | D        | Lost mutation: Scrolls take you a little longer to read. [potion of mutation]
   202 | D        | Gained mutation: Your body sometimes deteriorates upon taking damage. [potion of mutation]
   202 | D        | Gained mutation: Your spells are a little harder to cast, but a little more powerful. [potion of mutation]
   203 | D        | Lost mutation: Your spells are a little harder to cast, but a little more powerful. [potion of mutation]
   203 | D        | Lost mutation: Your body sometimes deteriorates upon taking damage. [potion of mutation]
   203 | D        | Gained mutation: Scrolls take you a little longer to read. [potion of mutation]
   203 | D        | Gained mutation: You expend magic power (3 MP) to strengthen your wands. [potion of mutation]
   203 | D        | Gained mutation: Your spells are a little harder to cast, but a little more powerful. [potion of mutation]
   203 | D        | Gained mutation: You have a pair of small horns on your head. [potion of mutation]
   204 | D        | Lost mutation: Scrolls take you a little longer to read. [potion of mutation]
   204 | D        | Lost mutation: You have a pair of small horns on your head. [potion of mutation]
   204 | D        | Lost mutation: Your spells are a little harder to cast, but a little more powerful. [potion of mutation]
   204 | D        | Lost mutation: You expend magic power (3 MP) to strengthen your wands. [potion of mutation]
   204 | D        | Gained mutation: You evolve. [potion of mutation]
   204 | D        | Gained mutation: You are resistant to hostile enchantments. (MR+) [potion of mutation]
   234 | D        | Killed a white draconian scorcher
   265 | D        | Noticed a water elemental
   274 | D        | Demolished by a water elemental

Vault maps used:
D:        dungeon_sprint_mu

Skill      XL: |  1  2 |
---------------+-------+-----
Fighting       | 3 |  3.7
Maces & Flails | 3 4 |  4.1
Armour         | 1 |  1.5
Dodging        | 3 |  3.8
Stealth        | |  1.8

Action                   || total
-------------------------++-------
Melee: Mace              ||    37
  Use: Potion            ||     6
       Scroll            ||     1
 Stab: Sleeping          ||     1
  Eat: Chunk             ||     6
Armor: Robe              ||    13
Dodge: Dodged            ||    20
